 Dungeon Crawl Stone Soup version 0.30.0-18-gc0e69614cb (webtiles) character file.

Game seed: 1090357473990614880

83 McKennaii the Conjurer (level 4, -7/33 HPs)
             Began as a Demigod Conjurer on May 25, 2023.
             Shot with an arrow by a centaur (11 damage)
             ... on level 5 of the Dungeon.
             The game lasted 00:01:21 (1795 turns).

McKennaii the Conjurer (Demigod Conjurer)           Turns: 1795, Time: 00:01:22

Health: -7/33      AC:  2    Str:  8    XL:     4   Next: 2%
Magic:  11/11      EV: 12    Int: 24    God:
Gold:   138        SH:  0    Dex: 12    Spells: 6/9 levels left

rFire   . . .        j - +2 sling (drain)
rCold   . . .        (no shield)
rNeg    . . .        a - +0 robe
rPois   .            (no helmet)
rElec   .            (no cloak)
rCorr   .            (no gloves)
SInv    .            (no boots)
Will    .....        (no amulet)
Stlth   ++           (no ring)
HPRegen 0.25/turn    (no ring)
MPRegen 0.12/turn

%: no passive effects
@: no status effects
A: high MP 1, forlorn, divine attributes
a: no special abilities


You were on level 5 of the Dungeon.
You visited 1 branch of the dungeon, and saw 5 of its levels.

You collected 195 gold pieces.
You spent 57 gold pieces at shops.

Inventory:

Hand Weapons
 j - a +2 sling of draining (weapon)
Armour
 a - a +0 robe (worn)
Scrolls
 d - 2 scrolls of identify {unknown}
 e - a scroll of fog {unknown}
 k - a scroll of enchant armour {unknown}
 n - a scroll of poison {unknown}
 p - a scroll of enchant weapon {unknown}
Potions
 b - a potion of magic
 c - a potion of experience {unknown}
 f - a potion of mutation {unknown}
 g - 2 potions of brilliance {unknown}
 h - a potion of ambrosia {unknown}
 i - 2 potions of curing {unknown}
 l - 5 potions of lignification {unknown}
 m - a potion of flight {unknown}
 o - a potion of degeneration {unknown}


   Skills:
 - Level 1.7 Dodging
 - Level 1.7 Stealth
 + Level 3.0 Spellcasting
 + Level 4.5 Conjurations


You had 6 spell levels left.
You knew the following spells:

 Your Spells              Type           Power      Damage    Failure   Level
a - Magic Dart            Conj           100%       1d8       1%          1
b - Searing Ray           Conj           50%        2d6       2%          2

Your spell library contained the following spells:

 Spells                   Type           Power      Damage    Failure   Level
 Dazzling Flash           Conj/Hex       28%        N/A       13%         3
 Sublimation of Blood     Necr           3%         N/A       16%         2
 Fulminant Prism          Conj/Hex       7%         3d6       38%         4
 Iskenderun's Mystic Bla  Conj/Tloc      14%        2d5       38%         4
 Petrify                  Tmut/Erth      3%         N/A       71%         4
 Irradiate                Conj/Tmut      7%         3d14      75%         5


Dungeon Overview and Level Annotations

Branches:
Dungeon (6/15)
 Temple: D:4-7

Shops:
D:2 *


Innate Abilities, Weirdness & Mutations

You have an increased reservoir of magic. (+10% MP)
You shall have no god before yourself.
Your divine heritage dramatically boosts your attributes as you level up.


Message History

There is a stone staircase leading up here.
You climb upwards.
Found an inky potion.
Found a stone staircase leading up.
There is a stone staircase leading down here.
You climb downwards.
There is a stone staircase leading up here.
There is a stone staircase leading up here.
You climb upwards.
There is a stone staircase leading down here.
You climb downwards.
There is a stone staircase leading up here.
p - a scroll labelled FUM RAGUTIW
There is a stone staircase leading up here.
You climb upwards.
There is a stone staircase leading down here.
You climb downwards.
There is a stone staircase leading up here.
You climb upwards.
There is a stone staircase leading down here.
A centaur comes into view.
The centaur shouts!
The centaur wields a +0 shortbow.
The centaur shoots an arrow.
The arrow closely misses you.
The centaur shoots an arrow.
The arrow hits you.
A phantom comes into view.
An ice beast comes into view.
The centaur shoots an arrow.
The arrow hits you!
The centaur shoots an arrow.
The arrow completely misses you.
You hear an angry hiss.
You see here an inky potion.
The centaur shoots an arrow.
The arrow misses you.
The centaur shoots an arrow.
The arrow hits you.
The centaur shoots an arrow.
The arrow hits you!
* * * LOW HITPOINT WARNING * * *
The centaur shoots an arrow.
The arrow hits you.
* * * LOW HITPOINT WARNING * * *
The centaur shoots an arrow.
The arrow barely misses you.
The centaur shoots an arrow.
The arrow barely misses you.
Found 2 blue potions.
There is a stone staircase leading up here.
The centaur shoots an arrow.
The arrow hits you!
You die...

.......#!........#
#.........c.....#
..#............#
###....Y.>...###
#...W........#
##.....##......#
######....##.......
......#............
.####..@...........
##........##...
##........ #..
#.#...... .........
......... #........
...!...##


You could see an ice beast, a phantom and a centaur.

Vanquished Creatures
  3 adders (D:2)
  A gnoll (D:1)
  9 ball pythons
  2 bats (D:1)
  4 endoplasms
  3 goblins
  6 hobgoblins
  2 jackals (D:2)
  4 quokkas
  4 frilled lizards
  3 kobolds (D:2)
  4 rats
45 creatures vanquished.

Notes
Turn   | Place    | Note
-------+----------+-------------------------------------------
     0 | D:1      | McKennaii the Demigod Conjurer began the quest for the Orb.
     0 | D:1      | Reached XP level 1. HP: 14/14 MP: 5/5
   224 | D:1      | Reached XP level 2. HP: 20/20 MP: 3/7
   436 | D:1      | Reached skill level 4 in Conjurations
   629 | D:1      | Learned a level 2 spell: Searing Ray
   785 | D:1      | Reached XP level 3. HP: 26/26 MP: 7/9
  1475 | D:2      | Found Juotsiq's Assorted Antiques.
  1495 | D:2      | Bought a black potion for 18 gold pieces
  1495 | D:2      | Bought a bubbling purple potion for 18 gold pieces
  1495 | D:2      | Bought a scroll labelled REMAGG FIWIOFI for 21 gold pieces
  1507 | D:2      | Reached XP level 4. HP: 33/33 MP: 11/11
  1741 | D:3      | You fall into a shaft and drop 3 floors!
  1750 | D:5      | Entered Level 5 of the Dungeon
  1783 | D:5      | Noticed a centaur
  1784 | D:5      | Noticed a phantom
  1784 | D:5      | Noticed an ice beast
  1795 | D:5      | Shot with an arrow by a centaur

Illustrated notes

Levels and vault maps discovered:
D:1:      saegor_arrival_simple_a, layout_loops_ring,
          hellmonk_ecumenical_altar_arch_garden
D:2:      layout_rooms, serial_shops, shop, minmay_liquid_box,
          minmay_pentomino_q2
D:3:      layout_loops_ring, st_stairs_1, chequers_serial_rivers_micro_b,
          patterned_corridor
D:5:      layout_cave_pools, grunt_temple_overflow_opulence,
          gammafunk_temple_overflow_claw, nicolae_uskayaw_dance_hall,
          minmay_curled_crystal, grunt_decor_one_mirror,
          uniq_crazy_yiuf_cottage, uniq_blork_the_orc
D:6:      minmay_skewed_foursquare, layout_rooms,
          gammafunk_temple_overflow_forgotten, uniq_edmund

Skill      XL: |  1  2  3 |
---------------+----------+-----
Spellcasting   | 2 3 |  3.0
Conjurations   | 4 |  4.5
Dodging        | |  1.7
Stealth        | |  1.7

Action                     |  1- 3 |  4- 6 || total
---------------------------+-------+-------++-------
  Melee: Unarmed           |     1 |       ||     1
   Fire: Sling             |    46 |     3 ||    49
   Cast: Magic Dart        |    48 |       ||    48
         Searing Ray       |     2 |       ||     2
 Armour: Robe              |     6 |       ||     6
  Dodge: Dodged            |    29 |     5 ||    34
